 Dungeon Crawl Stone Soup version 0.30-a0-760-g5a9884bb7c (webtiles) character file.

Game seed: 8704750915640573686

124278 nuthulu the Tortoise (level 16, -8/108 HPs)
             Began as a Gargoyle Fighter on Feb 11, 2023.
             Was the Champion of Okawaru.
             Killed from afar by Nikola (70 damage)
             ... with an arc of chain lightning
             ... on level 4 of the Swamp.
             The game lasted 00:46:24 (23895 turns).

nuthulu the Tortoise (Gargoyle Fighter)            Turns: 23895, Time: 00:46:24

Health: -8/108     AC: 52    Str: 28    XL:     16   Next: 92%
Magic:  22/22      EV: 14    Int: 11    God:    Okawaru [******]
Gold:   3036       SH: 14    Dex:  9    Spells: 15/15 levels left

rFire   + + +      SeeInvis .    o - +5 flail (spect)
rCold   + + .      Faith    .    V - +2 shield of Resistance {rF++ rC++ Will++}
rNeg    + . .      Spirit   .    a - +4 plate armour {rPois}
rPois   ∞          Reflect  .    M - +2 helmet
rElec   +          Harm     .    C - +2 cloak {rCorr}
rCorr   +          Rampage  .    j - +2 pair of gloves
Will    +++..                    G - +2 pair of boots {Stlth+} Stlth
                                 E - amulet of regeneration
HPRegen 1.18/turn                e - +4 ring of protection
MPRegen 0.18/turn                J - ring of the Priest {rF+ EV+5 Int+2}

@: flying
A: sickness immunity, AC +12, big wings, negative energy resistance 1,
electricity resistance, torment resistance 1, petrification resistance
a: Renounce Religion, Heroism, Finesse, Duel


You were on level 4 of the Swamp.
You worshipped Okawaru.
Okawaru was exalted by your worship.
You visited 4 branches of the dungeon, and saw 25 of its levels.
You also visited: Gauntlet.

You collected 4103 gold pieces.
You spent 1067 gold pieces at shops.

Inventory:

Hand Weapons
 o - a +5 spectral flail (weapon)
Armour
 a - a +4 plate armour of poison resistance (worn)
 j - a +2 pair of gloves (worn)
 C - a +2 cloak of preservation (worn)
 D - the +3 warlock's mirror {omnireflect}
   (Okawaru gifted it to you on level 8 of the Dungeon)

   Omnireflect: It can block and reflect piercing ranged attacks and magical
   attacks against the wielder's willpower.
 G - a +2 pair of boots of stealth (worn)
 M - a +2 helmet (worn)
 V - the +2 shield of Resistance (worn) {rF++ rC++ Will++}
   (You found it on level 10 of the Dungeon)

   rF:        It greatly protects you from fire.
   rC:        It greatly protects you from cold.
   Will:      It greatly increases your willpower.
Jewellery
 c - the ring "Ucvinlai" {rN+ Int+3}
   (You found it in a Gauntlet)

   [ring of positive energy]

   Int:       It affects your intelligence (+3).
   rN:        It protects you from negative energy.
 e - a +4 ring of protection (left hand)
 r - a +5 ring of evasion
 s - a ring of resist corrosion
 w - a ring of positive energy
 y - a +5 ring of evasion
 E - an amulet of regeneration (around neck)
 F - an amulet of reflection
 H - a +6 ring of intelligence
 J - the ring of the Priest (right hand) {rF+ EV+5 Int+2}
   (You bought it in a shop on level 2 of the Orcish Mines)

   [ring of evasion]

   EV:        It affects your evasion (+5).
   Int:       It affects your intelligence (+2).
   rF:        It protects you from fire.
 K - the ring of the Meadowlark {rPois rF+ rN+ Will++ Dex-3}
   (You found it on level 4 of the Lair of Beasts)

   [ring of protection from fire]

   Dex:       It affects your dexterity (-3).
   rF:        It protects you from fire.
   rPois:     It protects you from poison.
   rN:        It protects you from negative energy.
   Will:      It greatly increases your willpower.
 P - a +5 ring of evasion
 T - a ring of fire
Wands
 d - a wand of paralysis (25)
 m - a wand of polymorph (12)
 n - a wand of roots (21)
 x - a wand of mindburst (29)
 B - a wand of flame (29)
 L - a wand of quicksilver (9)
Scrolls
 b - 3 scrolls of poison
 i - 6 scrolls of teleportation
 I - 2 scrolls of amnesia
 O - 5 scrolls of identify
 Q - a scroll of blinking
 R - 4 scrolls of fear
 S - 2 scrolls of fog
 U - a scroll of magic mapping
Potions
 f - a potion of resistance
 g - 5 potions of flight
 h - 3 potions of cancellation
 k - 4 potions of haste
 l - 7 potions of curing
 p - 4 potions of brilliance
 q - 6 potions of lignification
 t - a potion of heal wounds
 u - 4 potions of magic
 v - 6 potions of might
 z - 3 potions of mutation
 A - 5 potions of attraction
 N - 2 potions of berserk rage


   Skills:
 - Level 15.5 Fighting
 - Level 14.9 Maces & Flails
 - Level 16.2 Armour
 + Level 5.1 Dodging
 + Level 15.9 Shields
 - Level 8.0 Invocations


You had 15 spell levels left.
You didn't know any spells.
Your spell library contained the following spells:

 Spells                   Type           Power      Damage    Failure   Level
 Blink                    Tloc           0%         N/A       99%         2
 Ensorcelled Hibernation  Hex/Ice        0%         N/A       99%         2
 Lesser Beckoning         Tloc           0%         N/A       99%         2
 Passwall                 Tmut/Erth      0%         N/A       99%         2
 Static Discharge         Conj/Air       0%         2-2/arc   99%         2
 Wereblood                Tmut           0%         N/A       99%         2
 Gell's Gravitas          Tloc           0%         N/A       100%        3
 Stone Arrow              Conj/Erth      0%         3d7       100%        3
 Swiftness                Air            0%         N/A       100%        3
 Teleport Other           Tloc           0%         N/A       100%        3
 Vhi's Electric Charge    Tloc/Air       0%         N/A       100%        3
 Dispel Undead            Necr           0%         3d6       100%        4
 Manifold Assault         Tloc           0%         N/A       100%        4
 Arcjolt                  Conj/Air       0%         1d10      100%        5
 Lightning Bolt           Conj/Air       0%         1d11      100%        5
 Storm Form               Tmut/Air       0%         N/A       100%        7
 Lehudib's Crystal Spear  Conj/Erth      0%         10d2      100%        8
 Cigotuvi's Dreadful Rot  Necr/Pois/Air  Unusable   N/A       N/A         2
 Sublimation of Blood     Necr           Unusable   N/A       N/A         2
 Animate Armour           Summ/Erth      Unusable   N/A       N/A         4
 Death Channel            Necr           Unusable   N/A       N/A         6
 Summon Hydra             Summ           Unusable   N/A       N/A         7

Dungeon Overview and Level Annotations

Branches:
Dungeon (14/15)            Temple (0/1) D:7            Lair (5/5) D:8
  Swamp (4/4) Lair:3        Snake (0/4) Lair:2        Slime (0/5) Lair:5
    Orc (2/2) D:10            Elf (0/3) Orc:2        Vaults (0/5) D:13
Gauntlet (visited)

Altars:
Gozag
Okawaru
Trog

Shops:
D:5 ?!(*!   D:9 [   Orc:1 [   Orc:2 *=[(

Portals:
Abyss: D:12

Annotations:
D:6 3 runed translucent doors, Leeroy's ghost, novice VSWr
D:10 1 runed translucent door
D:12 2 transporters, exclusions: ice statue and orange crystal statue, Myibo's ghost, journeyman MiBe
Lair:5 exclusion: oklob plant
Swamp:3 Lernaean hydra
Swamp:4 Nikola


Innate Abilities, Weirdness & Mutations

You are immune to sickness and miasma.
Your stone body is resilient. (AC +12)
You are immune to poison.
Your large and strong wings let you fly.
You resist negative energy. (rN+)
You are resistant to electric shocks. (rElec)
You are resistant to unholy torment.
You are immune to petrification.


Message History

You barely miss Nikola.
Nikola is moderately wounded.
Your +5 spectral flail barely misses Nikola.
You hit Nikola.
Nikola is moderately wounded.
Your +5 spectral flail hits Nikola!
Nikola completely misses you.
You sock Nikola!
Nikola is moderately wounded.
Your +5 spectral flail hits Nikola!!
Nikola mumbles some strange words.
Nikola blinks!
Found a scroll of enchant armour and a book of Hexes.
Nikola raves, "Can you feel it? Can you feel it?
CAN YOU FEEL IT?"
You see here 5 stones.
You barely miss Nikola.
Nikola is heavily wounded.
Your +5 spectral flail hits Nikola!!
Nikola gestures wildly while chanting.
Lightning arcs from Nikola's hands!
The bolt of lightning hits you!!! You resist.
A bolt of lightning appears from out of thin air!
The bolt of lightning hits Nikola!
You hear an angry buzzing noise. x2; You hear a roar!
You hear an angry buzzing noise. x2
You closely miss Nikola.
Nikola is severely wounded.
Your +5 spectral flail hits Nikola!
You sock Nikola!
Nikola is severely wounded.
Your +5 spectral flail hits Nikola.
Nikola hits your +5 spectral flail with a +1 rapier of electrocution!
Your spectral weapon shares its damage with you!
You hit Nikola.
Nikola is severely wounded.
Your +5 spectral flail hits Nikola!!
Nikola gestures wildly while chanting.
Lightning arcs from Nikola's hands!
The bolt of lightning hits you!!! You resist.
Ouch! That really hurt!
You die...

..~~~...~~~..♣♣
..~~.♣♣♣~.~?♣♣
..~.♣♣~.[..~♣♣♣♣♣♣♣♣
~..#####~~~†...~~~~#
§.##...##.÷[#...#.##
~~#(....#...~~..~.# : ~
#..φ..#.8§....8.# ?..
.....#.§..#~§..#.....
...+.(....P@.'....#
####'#.~.#...@(#'####
#..~...8.....(...~~
♣~#.(.(.8.~...~.(.(~8.
♣~.....~........~.....'
♣.#..~.#~~.⌠#⌠§~~#~.~~#
♣....#####.###..####.~'
♣..§. ~.⌠#⌠.~.# ..#
♣... .~.# ~P.


You could see Nikola (distracted) and a friendly +5 spectral flail (summoned).

Vanquished Creatures
  3 thorn hunters
  2 orc warlords (Orc:1)
  3 eleionomae
  A dire elephant (Lair:5)
  5 bunyips
  A minotaur (Gauntlet)
  2 fire dragons (D:10)
  A shambling mangrove (Swamp:1)
  2 ice dragons (D:10)
  A yaktaur captain (D:11)
  3 ghost crabs
  An ogre mage (D:13)
  The ghost of HammerPanzer the Executioner, a journeyman MiBe of Trog (D:11)
  15 hydras
  3 catoblepae
  4 two-headed ogres
  13 alligators
  3 boulder beetles
  6 orc high priests
  3 goliath frogs
  5 skeletal warriors (D:12)
  A sixfirhy (Gauntlet)
  4 skysharks
  A swamp dragon (shapeshifter) (Gauntlet)
  A spriggan druid (Swamp:4)
  10 swamp dragons
  11 bog bodies
  2 lindwurms
  8 ugly things
  3 orc sorcerers
  7 orc knights
  3 will-o-the-wisps
  8 cyclopes
  5 manticores
  Maurice (D:9)
  An elephant (shapeshifter) (Gauntlet)
  5 elephants (Lair:5)
  7 black mambas
  A rust devil (Gauntlet)
  A cyclops (shapeshifter) (Gauntlet)
  A torpor snail (Lair:5)
  14 cane toads
  5 rime drakes
  3 minotaur zombies (Gauntlet)
  2 komodo dragons
  2 efreet
  7 trolls
  12 tyrant leeches
  7 hornets
  3 polar bears
  Prince Ribbit (D:5)
  Grinder (D:4)
  20 blink frogs
  4 dream sheep (Lair:5)
  5 slime creatures (D:12)
  6 spriggans
  A ynoxinul (Gauntlet)
  3 shadows (D:10)
  2 vampires
  2 wraiths
  2 wyverns
  27 yaks
  2 fire bats (Lair:2)
  A fire elemental (Lair:2)
  4 basilisks
  4 vampire mosquitoes (Swamp:3)
  4 steam dragons
  4 wargs
  2 nagas (Lair:2)
  3 acid dragons
  18 water moccasins
  The ghost of derval the Caller, an amateur OpSu (D:4)
  10 swamp worms
  3 swamp drakes
  A sky beast (D:7)
  41 orc warriors
  2 black bears
  7 centaurs
  An ogre (D:4)
  A centaur (shapeshifter) (Gauntlet)
  22 wolves
  4 boggarts (D:13)
  A phantom (D:7)
  4 kobold brigands
  2 gnoll sergeants
  10 bullfrogs
  2 necrophages
  3 scorpions
  15 wights
  A troll zombie (D:10)
  4 howler monkeys
  2 jellies
  A gnoll bouda (D:9)
  16 orc priests
  4 iron imps (Gauntlet)
  An iguana (D:5)
  21 orc wizards
  5 ogre zombies (D:10)
  15 gnolls
  6 adders
  5 ufetubi
  A worm (D:2)
  A dart slug (D:1)
  36 orcs
  12 ball pythons
  6 endoplasms
  3 giant cockroaches
  7 goblins
  6 hobgoblins
  2 jackals (D:2)
  A quokka (D:3)
  4 bats
  A frilled lizard (D:2)
  2 goblin skeletons (D:10)
  3 goblin zombies (D:10)
  A hobgoblin skeleton (D:10)
  A hobgoblin zombie (D:10)
  20 kobolds
  An orc skeleton (D:10)
  11 orc zombies (D:10)
  10 rats
  A briar patch (Swamp:2)
671 creatures vanquished.

Vanquished Creatures (others)
  An eleionoma (Swamp:3)
  An alligator (Swamp:3)
  A swamp dragon (Swamp:4)
  2 bloated husks
  4 swamp drakes (Swamp:4)
  An orc wizard (Orc:2)
  2 briar patches (Swamp:3)
  25 demonic plants (Gauntlet)
  8 foxfires
  44 fungi
  23 plants
112 creatures vanquished.

Grand Total: 783 creatures vanquished

Notes
Turn   | Place    | Note
-------+----------+-------------------------------------------
     0 | D:1      | nuthulu the Gargoyle Fighter began the quest for the Orb.
     0 | D:1      | Reached XP level 1. HP: 14/14 MP: 1/1
   296 | D:1      | Reached XP level 2. HP: 19/19 MP: 2/2
  1028 | D:2      | Reached XP level 3. HP: 24/24 MP: 3/3
  1575 | D:3      | Reached XP level 4. HP: 30/30 MP: 4/4
  1681 | D:3      | Found an iron altar of Okawaru.
  1697 | D:3      | Became a worshipper of Warmaster Okawaru
  1707 | D:3      | Identified a scroll of acquirement
  1707 | D:3      | Acquired a +4 flail of protection
  2006 | D:3      | Found a faded altar of an unknown god.
  2398 | D:4      | Found a runed translucent gate.
  2398 | D:4      | Found a runed translucent gate.
  2399 | D:4      | Noticed derval's ghost (amateur OpSu)
  2400 | D:4      | Found a runed translucent gate.
  2400 | D:4      | Noticed a kobold brigand
  2622 | D:4      | Noticed an ogre
  2629 | D:4      | Killed an ogre
  2630 | D:4      | Reached skill level 5 in Fighting
  2630 | D:4      | Reached XP level 5. HP: 35/35 MP: 5/5
  3028 | D:4      | Noticed Grinder
  3039 | D:4      | Killed Grinder
  3039 | D:4      | Reached * piety under Okawaru
  3040 | D:4      | Reached skill level 5 in Maces & Flails
  3040 | D:4      | Reached XP level 6. HP: 19/41 MP: 6/6
  3354 | D:4      | Reached XP level 7. HP: 45/47 MP: 7/7
  3412 | D:5      | Entered Level 5 of the Dungeon
  3412 | D:5      | Found Waiteiw's Magic Scroll Emporium.
  3480 | D:4      | Killed derval's ghost
  3518 | D:5      | Found Xiveuschi's General Store.
  3528 | D:5      | Found Xoduyjy's Distillery.
  3603 | D:5      | Found Cuiqal's Distillery.
  3843 | D:5      | Reached ** piety under Okawaru
  4026 | D:5      | Found Ozocwiodgh's Weapon Emporium.
  4087 | D:6      | Reached XP level 8. HP: 52/53 MP: 8/8
  4087 | D:6      | Noticed Prince Ribbit
  4099 | D:5      | Killed Prince Ribbit
  4496 | D:6      | You fall into a shaft and drop 1 floor!
  4499 | D:7      | Found a staircase to the Ecumenical Temple.
  4790 | D:6      | Found a runed translucent gate.
  4790 | D:6      | Found a runed translucent gate.
  4803 | D:6      | Reached *** piety under Okawaru
  4804 | D:6      | Reached XP level 9. HP: 39/60 MP: 9/9
  4911 | D:6      | Found a runed translucent gate.
  4912 | D:6      | Found an opulent altar of Gozag.
  4914 | D:6      | Noticed Leeroy's ghost (novice VSWr)
  4914 | D:6      | Noticed a red ugly thing
  5343 | D:7      | Reached skill level 5 in Shields
  5742 | D:7      | Reached **** piety under Okawaru
  6167 | D:8      | Acquired 1153 gold pieces
  6647 | D:8      | Found a staircase to the Lair.
  6841 | D:8      | Reached skill level 10 in Maces & Flails
  6841 | D:8      | Reached XP level 10. HP: 38/66 MP: 10/10
  6976 | D:9      | Found Guyli's Armour Emporium.
  7174 | D:10     | Entered Level 10 of the Dungeon
  7285 | D:9      | Noticed Maurice
  7379 | D:9      | Killed Maurice
  7493 | D:9      | Reached ***** piety under Okawaru
  7494 | D:9      | Reached skill level 1 in Invocations
  8241 | D:5      | Bought a scroll of brand weapon for 123 gold pieces
  8405 | D:10     | Received a gift from Okawaru
  8563 | D:10     | Found a runed translucent door.
  8563 | D:10     | Noticed an ice dragon
  8563 | D:10     | Noticed a fire dragon
  8564 | D:10     | Found the +2 shield of Resistance {rF++ rC++ Will++}
  8564 | D:10     | Noticed an ice dragon
  8566 | D:10     | Noticed a fire dragon
  8573 | D:10     | Found a runed translucent door.
  8834 | D:10     | Found a staircase to the Orcish Mines.
  8965 | D:10     | Reached XP level 11. HP: 49/71 MP: 13/13
  9524 | Lair:1   | Entered Level 1 of the Lair of Beasts
  9536 | D:8      | Received a gift from Okawaru
  9536 | D:8      | Found the +3 warlock's mirror {omnireflect}
  9537 | D:8      | Reached skill level 10 in Shields
  9681 | Lair:1   | Reached skill level 5 in Invocations
 10190 | Lair:1   | Found the +8 autumn katana {manifold assault}
 11042 | Lair:2   | Found a staircase to the Snake Pit.
 11199 | Lair:2   | Reached skill level 4 in Armour
 11215 | Lair:2   | Noticed a skyshark
 11224 | Lair:2   | Killed a skyshark
 11282 | Lair:2   | Received a gift from Okawaru
 11404 | Lair:2   | Reached XP level 12. HP: 76/76 MP: 17/17
 11573 | Lair:2   | Noticed a boulder beetle
 11619 | Lair:2   | Reached skill level 5 in Armour
 11627 | Lair:2   | Killed a boulder beetle
 12206 | Lair:3   | Reached skill level 6 in Armour
 12309 | Lair:3   | Noticed a catoblepas
 12316 | Lair:3   | Killed a catoblepas
 12316 | Lair:3   | Identified the +1 robe of Divine Compulsion {rC+ Str+2
                  | SInv} (Okawaru gifted it to you on level 3 of the Lair of
                  | Beasts)
 12316 | Lair:3   | Received a gift from Okawaru
 12909 | Lair:3   | Found a staircase to the Swamp.
 13073 | Lair:4   | Reached skill level 7 in Armour
 13144 | Lair:4   | Found a gate leading to a gauntlet.
 13170 | Lair:4   | Identified the ring of the Meadowlark {rPois rF+ rN+ Will++
                  | Dex-3}
 13183 | Gauntlet | Entered a Gauntlet
 13183 | Gauntlet | Found a transporter.
 13186 | Gauntlet | Found a large runed translucent door.
 13187 | Gauntlet | Found a large runed translucent door.
 13188 | Gauntlet | Found a large runed translucent door.
 13188 | Gauntlet | Found a large runed translucent door.
 13188 | Gauntlet | Found a runed translucent door.
 13188 | Gauntlet | Found a runed translucent door.
 13189 | Gauntlet | Found a large runed translucent door.
 13190 | Gauntlet | Found a large runed translucent door.
 13191 | Gauntlet | Found a large runed translucent door.
 13191 | Gauntlet | Found a large runed translucent door.
 13214 | Gauntlet | Found a large runed translucent door.
 13231 | Gauntlet | Found a transporter.
 13232 | Gauntlet | Found a transporter.
 13232 | Gauntlet | Found a transporter.
 13251 | Gauntlet | Found a large runed translucent door.
 13256 | Gauntlet | Noticed a thrashing horror
 13259 | Gauntlet | Found a transporter.
 13267 | Gauntlet | Found a transporter.
 13286 | Gauntlet | Found a transporter.
 13308 | Gauntlet | Found a transporter.
 13330 | Gauntlet | Found a transporter.
 13346 | Gauntlet | Reached skill level 8 in Armour
 13366 | Gauntlet | Identified the ring "Ucvinlai" {rN+ Int+3}
 13370 | Gauntlet | Noticed a thrashing horror
 13370 | Gauntlet | Found a transporter.
 13379 | Gauntlet | Noticed a minotaur
 13383 | Gauntlet | Killed a minotaur
 13669 | Lair:4   | Reached skill level 9 in Armour
 13669 | Lair:4   | Reached XP level 13. HP: 80/80 MP: 19/19
 14021 | Lair:5   | Entered Level 5 of the Lair of Beasts
 14236 | Lair:4   | Reached skill level 10 in Armour
 14635 | Lair:5   | Found a staircase to the Slime Pits.
 14677 | Lair:5   | Reached ****** piety under Okawaru
 14727 | Lair:5   | Reached skill level 11 in Armour
 14749 | Lair:5   | Reached skill level 10 in Fighting
 14767 | Lair:5   | Identified the +0 pair of boots "Zyinigum" {Fly} (Okawaru
                  | gifted it to you on level 5 of the Lair of Beasts)
 14767 | Lair:5   | Received a gift from Okawaru
 15041 | Lair:5   | Gained mutation: Your large and strong wings let you fly.
                  | [Gargoyle growth]
 15041 | Lair:5   | Reached XP level 14. HP: 81/88 MP: 20/20
 15094 | Lair:5   | Noticed a dire elephant
 15117 | Lair:5   | Killed a dire elephant
 15123 | Lair:5   | Reached skill level 12 in Armour
 15624 | Orc:1    | Entered Level 1 of the Orcish Mines
 15625 | Orc:1    | Found Toaluam's Antique Armour Shoppe.
 15891 | Orc:1    | Noticed an orc warlord
 15937 | Orc:1    | Killed an orc warlord
 16518 | Orc:2    | Entered Level 2 of the Orcish Mines
 16592 | Orc:2    | Found a staircase to the Elven Halls.
 16627 | Orc:2    | Noticed an orc warlord
 16628 | Orc:2    | Found Syacvil's Antique Weapon Emporium.
 16710 | Orc:1    | Killed an orc warlord
 16710 | Orc:1    | Received a gift from Okawaru
 16974 | Orc:2    | Reached skill level 13 in Armour
 16976 | Orc:2    | Found Surapex's Antique Armour Shoppe.
 16985 | Orc:2    | Bought a pair of runed boots for 240 gold pieces
 17071 | Orc:2    | Paralysed by an orc sorcerer for 2 turns
 17075 | Orc:2    | Found Letteng's Jewellery Emporium.
 17105 | Orc:2    | Bought the ring of the Priest {rF+ EV+5 Int+2} for 704 gold
                  | pieces
 17251 | Orc:2    | Found Renunura's General Store.
 17829 | D:11     | Found a runed translucent door.
 17829 | D:11     | Noticed HammerPanzer's ghost (journeyman MiBe)
 17843 | D:11     | Killed HammerPanzer's ghost
 17976 | D:11     | Identified the +3 ring mail "Ubbuomav" {rPois Int+3}
                  | (Okawaru gifted it to you on level 11 of the Dungeon)
 17976 | D:11     | Received a gift from Okawaru
 18244 | D:12     | Reached XP level 15. HP: 88/97 MP: 21/21
 18330 | D:12     | Noticed a tentacled starspawn
 18479 | D:12     | Found a transporter.
 18965 | D:12     | Found a transporter.
 19060 | D:12     | Found a one-way gate to the infinite horrors of the Abyss.
 19315 | D:12     | Noticed Myibo's ghost (journeyman MiBe)
 19396 | D:13     | Reached skill level 14 in Armour
 19407 | D:13     | Found a gate to the Vaults.
 20456 | Swamp:1  | Entered Level 1 of the Swamp
 20632 | Swamp:1  | Identified the +0 pair of boots of the Bagpipe {rElec}
                  | (Okawaru gifted it to you on level 1 of the Swamp)
 20632 | Swamp:1  | Received a gift from Okawaru
 20798 | Swamp:1  | Reached skill level 15 in Armour
 21444 | Swamp:2  | Reached XP level 16. HP: 91/107 MP: 22/22
 21688 | Swamp:2  | Noticed a thorn hunter
 21701 | Swamp:2  | Killed a thorn hunter
 21702 | Swamp:2  | Reached skill level 15 in Fighting
 21792 | Swamp:2  | Found a bloodstained altar of Trog.
 22069 | D:10     | Identified the +1 tower shield of Juge {Stlth+} (Okawaru
                  | gifted it to you on level 10 of the Dungeon)
 22069 | D:10     | Received a gift from Okawaru
 22402 | Swamp:3  | Noticed a thorn hunter
 22413 | Swamp:3  | Killed a thorn hunter
 22414 | Swamp:3  | Reached skill level 16 in Armour
 22475 | Swamp:3  | Noticed a thorn hunter
 22513 | Swamp:3  | HP: 2/108 [thorn hunter/volley of thorns (27)]
 22527 | Swamp:2  | Killed a thorn hunter
 22668 | Swamp:3  | Reached skill level 1 in Dodging
 23252 | Swamp:4  | Entered Level 4 of the Swamp
 23261 | Swamp:4  | Reached skill level 15 in Shields
 23358 | Swamp:4  | Noticed Nikola
 23565 | Swamp:4  | Identified the +3 tower shield of Okawaru's Vengeance {rC+
                  | rCorr Str+2 Int-4} (Okawaru gifted it to you on level 4 of
                  | the Swamp)
 23565 | Swamp:4  | Received a gift from Okawaru
 23634 | Swamp:4  | Noticed the 27-headed Lernaean hydra
 23838 | Swamp:4  | Reached skill level 5 in Dodging
 23895 | Swamp:4  | Killed from afar by Nikola

Illustrated notes

Levels and vault maps discovered:
D:1:      zelgadis_glass_arrival_small, layout_loops_cross
D:2:      layout_rooms, serial_rivers, chequers_serial_rivers_room_a,
          chequers_serial_rivers_micro_c, chequers_serial_rivers_micro_c,
          chequers_serial_rivers_micro_c, kennysheep_generic_room_13
D:3:      layout_loops_ring, okawaru_metal_pillars_1_2,
          dilly_ecumenical_altar_fadedgnrine
D:4:      layout_loops_ring, gammafunk_ghost_nasty_kobolds, eino_tiny_chamber,
          uniq_grinder
D:5:      layout_rooms, serial_shops, shop, nicolae_stop_n_shop_2,
          kennysheep_mini, nicolae_take_the_stairs, shop
D:6:      layout_basic, ebering_ghost_gozag, uniq_prince_ribbit1
D:7:      layout_loops_ring, minmay_temple_entry_slanted
D:8:      layout_loops_corners, lair_entry_dummy
D:9:      layout_rooms, serial_shops, nicolae_shop_hallway_stairs, uniq_maurice
D:10:     layout_basic, zombieorc1_lemuel, minmay_misc_feat_square,
          minmay_guarded_unrand_resistance
D:11:     layout_rooms, ebering_ghost_inner_flame, nrook_loot_triangle
D:12:     layout_stronghold, gammafunk_ghost_abyssal_escape, david_greed
D:13:     layout_loops_ring, david_vaults_2
D:14:     layout_roguey, gammafunk_ghost_smash, serial_undead, serial_undead_e,
          serial_undead_d, serial_undead_b, serial_undead_e, uniq_kirke
Lair:1:   layout_roguey, serial_bayou_pond_e
Lair:2:   layout_gridlike, guppyfry_snake_entry_island, serial_bayou_pond_c
Lair:3:   layout_regular_city, minmay_swamp_entry_wisps
Lair:4:   layout_misc_corridors, gauntlet_entry_generic
Lair:5:   hangedman_lair_in_review, layout_small_grid,
          minmay_slime_entry_oklob_open, lemuel_old_faithful
Swamp:1:  layout_basic_swamp, evilmike_swamp_ruin_rubble_2,
          infiniplex_staircase_pool
Swamp:2:  layout_basic_swamp, nicolae_swamp_godswood
Swamp:3:  layout_falls_marsh, nicolae_swamp_tree_isthmus
Swamp:4:  grunt_swamp_rune_castle, layout_basic_swamp, swamp_pool1, uniq_nikola
Orc:1:    orc_temple, layout_caves, serial_shops, nicolae_shop_crystal,
          hellmonk_bongcloud_opening
Orc:2:    grunt_orc_gardens, layout_diamond_mine, grunt_orc_garden,
          grunt_orc_garden, grunt_orc_garden, grunt_orc_garden,
          kennysheep_orc_chapel

Skill      XL: |  1  2  3  4  5  6  7  8  9 10 11 12 13 14 15 16 |
---------------+-------------------------------------------------+-----
Fighting       | 4 5 6 7 9 10 12 14 15 | 15.5
Maces & Flails | 3 4 5 6 8 10 11 12 14 | 14.9
Shields        | 7 9 11 12 13 14 15 | 15.9
Invocations    | 3 7 8 |  8.0
Armour         | 4 9 11 13 15 16 | 16.2
Dodging        | 5 |  5.1

Action                     |  1- 3 |  4- 6 |  7- 9 | 10-12 | 13-15 | 16-18 || total
---------------------------+-------+-------+-------+-------+-------+-------++-------
  Melee: Flail             |   129 |    75 |   255 |   654 |  1058 |   357 ||  2528
  Throw: Throwing net      |       |       |       |     5 |       |       ||     5
 Invoke: Heroism           |       |       |     1 |     5 |     7 |     4 ||    17
         Finesse           |       |       |       |       |     1 |     1 ||     2
    Use: Scroll            |    10 |     5 |     5 |    14 |     4 |     2 ||    40
         Potion            |       |     2 |       |       |     3 |     5 ||    10
   Stab: Held in net/web   |       |       |       |     2 |       |       ||     2
         Distracted        |       |       |       |       |     8 |     5 ||    13
         Petrified         |       |       |       |       |     7 |       ||     7
 Armour: Scale mail        |    93 |    40 |    78 |       |       |       ||   211
         Plate armour      |       |       |   115 |   476 |   728 |   412 ||  1731
  Dodge: Dodged            |    84 |    19 |   120 |   418 |   529 |   268 ||  1438
  Block: Buckler           |    23 |    12 |    64 |   343 |   614 |    24 ||  1080
         Reflection        |       |       |       |     6 |    54 |     4 ||    64
         Kite shield       |       |       |       |       |       |   318 ||   318

Table legend: (Time is in decaauts)
 A = Elapsed time spent in this place.
 B = Non-inter-level travel time spent in this place.
 C = Inter-level travel time spent in this place.
 D = Time resting spent in this place.
 E = Time spent auto-exploring this place.
 F = Levels seen in this place.
 G = Mean time per level.
                   A        B        C        D        E       F      G
               +--------+--------+--------+--------+--------+-----+--------+
         Total |  23697 |  22211 |   1486 |   4997 |  11004 |  26 |  911.4 |
       Dungeon |  12821 |  11872 |    949 |   2247 |   6615 |  14 |  915.8 |
          Lair |   5641 |   5286 |    355 |   1438 |   2626 |   5 | 1128.2 |
         Swamp |   2968 |   2835 |    133 |    813 |    985 |   4 |  742.0 |
  Orcish Mines |   1875 |   1827 |     48 |    357 |    772 |   2 |  937.5 |
      Gauntlet |    391 |    391 |      0 |    142 |      6 |   1 |  391.0 |
               +--------+--------+--------+--------+--------+-----+--------+

Top non-repeatable levels by time:
    D:10: 1694 daAuts
  Lair:2: 1469 daAuts
  Lair:1: 1351 daAuts
     D:8: 1235 daAuts
     D:4: 1164 daAuts
     D:7: 1158 daAuts
     D:9: 1131 daAuts
    D:12: 1079 daAuts
  Lair:4: 1049 daAuts
 Swamp:3: 1027 daAuts
     D:1: 1010 daAuts
   Orc:2: 1009 daAuts
 Swamp:1: 957 daAuts
    D:13: 911 daAuts
     D:6: 909 daAuts
